 Dungeon Crawl Stone Soup version 0.16-b1 (webtiles) character file.

427 datmedicine the Cudgeler (level 6, -13/37 HPs)
             Began as a Gargoyle Fighter on Mar 3, 2015.
             Mangled by an ogre
             ... wielding a +0 giant spiked club
              (26 damage)
             ... on level 5 of the Dungeon.
             The game lasted 00:08:36 (2126 turns).

datmedicine the Cudgeler (Gargoyle Fighter)         Turns: 2126, Time: 00:08:37

Health: -13/37     AC: 12    Str: 26    XL:     6   Next: 97%
Magic:  6/6        EV:  7    Int:  9    God:
Gold:   142        SH:  9    Dex:  9    Spells: 0 memorised, 5 levels left

rFire  . . .     SeeInvis .     a - +0 flail
rCold  . . .     Clarity  .     b - +0 scale mail
rNeg   + . .     SustAb   .     c - +0 shield
rPois  ∞         Gourm    .     (no helmet)
rElec  +         Spirit   .     (no cloak)
rCorr  .         Warding  .     k - +0 pair of gloves
rMut   .         Stasis   .     (no boots)
MR     .....                    (no amulet)
Stlth  ..........               (no ring)
                                (no ring)

@: mighty, not resistant to hostile enchantments, extremely unstealthy
A: negative energy resistance 1, electricity resistance, unbreathing,
petrification resistance, rot immunity, AC +4
a: no special abilities


You were on level 5 of the Dungeon.
You were not hungry.

You visited 1 branch of the dungeon, and saw 5 of its levels.
You also visited: Sewer.

You collected 142 gold pieces.

Inventory:

Hand weapons
 a - a +0 flail (weapon)
 h - a +1 dagger of holy wrath
 s - a +2 dagger of draining
Armour
 b - a +0 scale mail (worn)
 c - a +0 shield (worn)
 k - a +0 pair of gloves (worn)
Magical devices
 n - a wand of random effects (32)
Scrolls
 f - a scroll of magic mapping {unknown}
 i - 2 scrolls of identify {unknown}
 m - a scroll of remove curse {unknown}
 p - a scroll of amnesia {unknown}
 q - a scroll of noise {unknown}
Potions
 j - a potion of degeneration {unknown}
 l - a potion of brilliance {unknown}
 t - a potion of flight {unknown}
 u - 2 potions of heal wounds {unknown}
 v - a potion of restore abilities {unknown}
Books
 o - a book of Death

   Spells                             Type                      Level
   a - Corpse Rot                     Necromancy                   2
   b - Sublimation of Blood           Necromancy                   2
   c - Agony                          Necromancy                   5
   d - Dispel Undead                  Necromancy                   5
   e - Excruciating Wounds            Charms/Necromancy            5
   f - Bolt of Draining               Conjuration/Necromancy       5
Comestibles
 d - 4 bread rations
 g - 3 meat rations


   Skills:
 - Level 3.2 Fighting
 + Level 7.2 Maces & Flails
 - Level 3.2 Armour
 - Level 3.2 Shields


You had 5 spell levels left.
You didn't know any spells.

Dungeon Overview and Level Annotations

Branches:
Dungeon (5/15)
 Temple: D:4-7

Altars:


Innate Abilities, Weirdness & Mutations

You are resistant to torment.
You are immune to poison.
Your stone body is very resilient (AC +4).
You resist negative energy.
You are resistant to electric shocks.
You can survive without breathing.
You are immune to petrification.
You are immune to rotting.


Message History

The bat skeleton hits you but does no damage.
You block the bat skeleton's attack.
There is a collapsed entrance here.
Your scale mail prevents you from hitting the bat skeleton.
The bat skeleton barely misses you. You block the bat skeleton's attack.
The bat skeleton closely misses you.
The bat skeleton hits you but does no damage.
You hit the ogre.
The ogre is lightly wounded.
The bat skeleton hits you but does no damage. x2
The ogre hits you with a giant spiked club!!
Ouch! That really hurt!
You feel very mighty all of a sudden. You block the bat skeleton's attack. x2
The centaur unwields an uncursed shortbow.
The centaur hits you but does no damage.
The bat skeleton hits you but does no damage.
The ogre hits you with a giant spiked club!!
Ouch! That really hurt!
You die...

####### ######.....#
#....).....#
#.#######..#
#.#≈≈≈O≈#..#########
#.#≈≈@Zg÷..........#
#.#≈≈≈c≈#.##.#####.#
##.#######....#.....#
#........)....#.#######
#.######...............
#. #......###......
#.######...............
#........<...#####.....
#####.#####+## #.....


You could see an ogre, a centaur, a goblin and a bat skeleton.

Vanquished Creatures
  A big kobold (Sewer)
  A water moccasin skeleton (D:4)
  A scorpion (D:4)
  A hound (D:5)
  An iguana (D:4)
  2 orc wizards (D:4)
  2 worker ants
  5 adders
  2 river rats (Sewer)
  2 giant geckos
  2 orcs (D:4)
  A bat skeleton (D:4)
  2 giant cockroaches
  4 goblins
  6 hobgoblins
  6 kobolds
  A ball python (D:3)
  5 bats
  2 jackals (Sewer)
  5 rats
52 creatures vanquished.

Notes
Turn   | Place    | Note
--------------------------------------------------------------
     0 | D:1      | datmedicine, the Gargoyle Fighter, began the quest for the Orb.
     0 | D:1      | Reached XP level 1. HP: 14/14 MP: 1/1
   152 | D:2      | Reached XP level 2. HP: 19/19 MP: 2/2
   450 | D:3      | Reached XP level 3. HP: 21/23 MP: 3/3
   885 | D:4      | Reached skill level 4 in Maces & Flails
   885 | D:4      | Reached XP level 4. HP: 19/28 MP: 4/4
  1063 | D:4      | Reached skill level 5 in Maces & Flails
  1063 | D:4      | Reached XP level 5. HP: 24/32 MP: 5/5
  1628 | D:4      | Reached skill level 6 in Maces & Flails
  1628 | D:4      | Reached XP level 6. HP: 33/37 MP: 6/6
  1703 | D:4      | Noticed a centaur
  1708 | D:5      | Entered Level 5 of the Dungeon
  1708 | D:5      | Found a glowing drain.
  1833 | Sewer    | Entered a sewer
  1945 | Sewer    | Reached skill level 7 in Maces & Flails
  1976 | Sewer    | Found a white marble altar of Elyvilon.
  2126 | D:5      | Mangled by an ogre

Action                   |  1- 3 |  4- 6 || total
-------------------------+-------+-------++-------
Melee: Flail             |    79 |   190 ||   269
  Use: Potion            |       |     1 ||     1
  Eat: Chunk             |       |     4 ||     4
